Map: Jar Graystone

Players

Copycat - Winner!

  • Race: Terran Terran
  • Spawn Location: 11:00

ShadowSonic - Winner!

  • Race: Terran Terran
  • Spawn Location: 9:00

SPACECAKE

  • Race: Zerg Zerg
  • Spawn Location: 5:00

Gracz

  • Race: Protoss Protoss
  • Spawn Location: 3:00

VOD

Have the link to the VOD?

Description

Time

  • Played on: Feb. 26, 2016, 4:17 p.m.
  • Length: 8:53
Show
View Real Time Build Order
Export as new Build Order

Copycat Terran - Winner!

Build Orders: Reaper Expand 

Get SALT Encoding   

  12  0:01  SCV  
  13  0:13  SCV  
  14  0:22  Supply Depot  
  14  0:25  SCV  
  15  0:38  Refinery  
  15  0:43  SCV  
  15  0:47  Barracks  
  16  0:56  SCV  
  17  1:08  SCV  
  18  1:20  SCV  
  19  1:34  Reaper  
  19  1:39  Orbital Command  
  20  1:45  Command Center  
  20  2:05  SCV  
  20  2:06  Reaper  
  20  2:08  Supply Depot  
  22  2:17  SCV  
  23  2:23  Factory  
  23  2:38  Marine  
  24  2:56  Marine  
  25  3:14  Orbital Command  
  25  3:17  Refinery  
  25  3:19  Factory Reactor  
  25  3:21  Starport  
  25  3:23  Barracks  
  25  3:24  Barracks  
  25  3:30  Command Center  
  25  3:34  Barracks Tech Lab  
  23  4:02  Marine  
  23  4:04  Stimpack  
  23  4:05  Orbital Command  
  23  4:08  SCV  
  24  4:10  Barracks Reactor  
  24  4:20  SCV  
  25  4:27  Supply Depot  
  25  4:30  Viking  
  27  4:32  SCV  
  27  4:36  Hellion x2  
  27  4:37  SCV  
  33  4:44  SCV  
  34  4:46  Orbital Command  
  34  4:49  SCV  
  35  4:53  Marine x4  
  35  4:59  Engineering Bay  
  39  5:06  SCV  
  39  5:08  SCV  
  39  5:11  Supply Depot  
  40  5:14  Marine x3  
  40  5:16  Marine  
  40  5:17  Hellion  
  40  5:18  SCV  
  40  5:20  SCV  
  40  5:21  Hellion  
  50  5:23  Medivac  
  52  5:28  Supply Depot  
  52  5:30  SCV  
  52  5:33  Armory  
  53  5:36  Terran Infantry Weapons Level 1  
  53  5:40  Engineering Bay  
  53  5:42  SCV x2  
  55  5:43  SCV  
  55  5:46  Marine x2  
  55  5:48  Barracks Reactor  
  58  5:53  Barracks  
  58  5:55  Marine  
  59  5:58  Starport Reactor  
  59  6:04  Marine  
  60  6:12  Marine  
  60  6:13  Marine  
  60  6:15  Terran Infantry Armor Level 1  
  62  6:18  Missile Turret  
  62  6:21  Marine  
  62  6:24  Missile Turret, SCV x2  
  65  6:28  Missile Turret  
  65  6:29  Refinery  
  65  6:30  Refinery  
  65  6:43  Orbital Command  
  65  6:45  Command Center  
  65  6:48  Marine  
  65  6:49  Marine x3  
  65  6:50  Missile Turret  
  65  6:53  Hellion  
  71  6:55  Missile Turret  
  71  6:57  Hellion  
  73  7:23  Marine  
  74  7:30  Marine x4  
  74  7:34  Hellion x2  
  82  7:39  Barracks Reactor  
  82  7:41  Marine  
  83  7:47  Marine  
  84  7:55  Hellion  
  84  7:56  Hellion  
  83  8:10  Medivac  
  83  8:11  Viking  
  87  8:16  Marine  
  87  8:17  Marine x6  
  90  8:34  Marine  
  90  8:35  Marine x6  
Show
View Real Time Build Order
Export as new Build Order

ShadowSonic Terran - Winner!

Build Orders: MMM Bio 

Get SALT Encoding   

  12  0:04  SCV  
  13  0:16  SCV  
  14  0:22  Supply Depot  
  15  0:28  SCV  
  15  0:46  Refinery  
  15  0:47  Barracks, SCV  
  16  1:00  SCV  
  17  1:12  SCV  
  18  1:24  SCV  
  19  1:35  Supply Depot  
  19  1:36  Barracks Reactor, SCV  
  20  1:45  Command Center  
  20  1:48  SCV  
  21  2:00  SCV  
  22  2:01  Engineering Bay  
  22  2:12  Marine x2  
  24  2:20  Refinery  
  24  2:23  Orbital Command  
  24  2:32  Missile Turret  
  24  2:41  Marine x2  
  26  2:49  Factory  
  26  2:52  SCV  
  27  3:03  Orbital Command  
  27  3:07  SCV  
  28  3:27  Barracks  
  28  3:32  Armory  
  28  3:34  Factory Reactor  
  28  3:49  Terran Infantry Weapons Level 1  
  28  3:54  Bunker, SCV  
  29  4:06  SCV  
  30  4:10  Orbital Command  
  30  4:12  Hellion x2  
  34  4:17  Barracks Tech Lab  
  34  4:27  Marine x2  
  34  4:30  Missile Turret  
  36  4:32  Terran Vehicle Weapons Level 1  
  36  4:34  Hellion x2  
  36  4:37  Combat Shields  
  40  4:38  SCV  
  40  4:39  SCV  
  42  4:50  SCV  
  42  4:51  SCV  
  44  4:55  Hellion  
  46  5:05  Supply Depot  
  46  5:24  Barracks  
  46  5:26  Factory Tech Lab  
  46  5:27  Marine x3  
  49  5:29  Supply Depot  
  49  5:30  Command Center  
  49  5:31  SCV x2  
  51  5:44  Marine x3  
  54  5:50  Barracks, SCV  
  54  5:51  Starport  
  54  5:52  SCV  
  56  5:57  Stimpack  
  56  5:59  Refinery  
  56  6:02  Marine  
  56  6:03  Marine, SCV  
  56  6:04  Marine  
  59  6:10  Infernal Pre-Igniter  
  60  6:15  Terran Infantry Armor Level 1  
  60  6:18  SCV x2  
  62  6:31  Supply Depot  
  62  6:40  Starport Reactor  
  62  6:41  Marine x4  
  62  6:43  Supply Depot  
  62  6:46  Orbital Command  
  66  6:48  Missile Turret  
  66  6:52  Barracks Reactor  
  66  6:54  Marine  
  66  6:57  SCV x2  
  66  6:59  Marine x2  
  66  7:00  Supply Depot  
  71  7:09  SCV  
  53  7:28  Missile Turret  
  51  7:32  Missile Turret  
  51  7:34  Marine x5  
  51  7:35  Marine x2  
  51  7:36  Missile Turret  
  58  7:40  Missile Turret  
  52  7:52  Marine x3, SCV  
  52  7:53  Marine, SCV x2  
  52  7:54  Marine x3  
  52  7:55  Medivac x2  
  66  8:04  SCV  
  66  8:05  SCV x2  
  69  8:09  Marine  
  70  8:17  SCV x3  
  73  8:24  Marine x4  
  73  8:25  Missile Turret  
  73  8:26  Missile Turret  
  81  8:29  SCV x3  
  81  8:33  Missile Turret  
  84  8:34  Marine x3  
  84  8:41  SCV x2  
  89  8:45  Barracks  
  90  8:49  Refinery  
  90  8:50  Refinery  
Show
View Real Time Build Order
Export as new Build Order

SPACECAKE Zerg 

Build Orders: Hatch First 

Get SALT Encoding   

  12  0:01  Drone  
  13  0:12  Overlord  
  13  0:17  Drone  
  14  0:30  Drone x2  
  16  0:36  Drone  
  17  0:54  Hatchery  
  17  0:56  Drone  
  17  1:11  Spawning Pool  
  16  1:13  Extractor  
  16  1:15  Drone  
  16  1:19  Drone  
  16  1:24  Drone  
  18  1:31  Overlord  
  18  1:41  Drone  
  19  1:56  Drone  
  19  1:57  Queen  
  22  2:03  Zergling x2  
  23  2:12  Drone x2  
  23  2:15  Queen  
  25  2:17  Metabolic Boost  
  25  2:19  Drone  
  28  2:26  Drone  
  28  2:29  Overlord  
  29  2:43  Drone  
  29  2:44  Drone x2  
  31  3:05  Drone x2  
  32  3:06  Drone x2  
  32  3:07  Queen  
  37  3:15  Zergling x2  
  37  3:16  Zergling x2  
  39  3:26  Evolution Chamber  
  38  3:32  Extractor, Drone x5  
  42  3:35  Extractor  
  42  3:39  Extractor  
  40  4:00  Drone  
  40  4:01  Drone x3  
  44  4:07  Overlord x2  
  44  4:14  Zerg Ground Armor Level 1  
  44  4:15  Lair  
  44  4:39  Drone x6  
  44  4:40  Drone x2  
  52  5:02  Hatchery  
  51  5:21  Spire  
  50  5:37  Overlord x2  
  50  5:42  Zergling x10  
  55  5:43  Zergling x4  
  57  6:00  Baneling Nest  
  56  6:04  Overseer  
  56  6:25  Overlord x3  
  56  6:35  Mutalisk x3  
  56  6:36  Mutalisk x6  
  74  6:40  Overlord  
  74  6:50  Zerg Flyer Weapons Level 1  
  74  6:52  Baneling x3  
  74  6:53  Baneling x4  
  74  6:54  Baneling  
  65  7:28  Mutalisk x2, Zergling x14  
  65  7:29  Mutalisk x5  
  82  7:53  Baneling x2  
  67  8:12  Zergling x10  
  50  8:31  Zergling x6  
  50  8:32  Zergling x8  
Show
View Real Time Build Order
Export as new Build Order

Gracz Protoss 

Build Orders:  

Get SALT Encoding   

  12  0:02  Probe (Chrono Boost)  
  13  0:25  Assimilator x2  
  13  0:31  Pylon, Probe (Chrono Boost)  
  14  0:44  Pylon  
  14  0:53  Probe (Chrono Boost)  
  15  1:04  Gateway  
  15  1:12  Probe (Chrono Boost)  
  16  1:23  Probe (Chrono Boost)  
  17  1:31  Gateway  
  17  2:00  Probe (Chrono Boost)  
  18  2:12  Gateway  
  18  2:24  Forge  
  18  2:33  Cybernetics Core  
  18  2:38  Zealot (Chrono Boost)  
  18  2:40  Zealot (Chrono Boost)  
  21  3:54  Nexus  
  20  4:28  Zealot (Chrono Boost)  
  20  4:29  Assimilator  
  26  4:32  Assimilator, Warp Gate (Chrono Boost)  
  26  4:33  Zealot x2 (Chrono Boost)  
  26  4:42  Pylon  
  26  4:48  Pylon  
  26  4:58  Pylon  
  26  5:06  Probe  
  27  5:17  Probe  
  28  5:34  Mothership Core  
  30  5:42  Probe  
  31  5:52  Probe  
  31  5:55  Probe  
  33  6:07  Probe  
  33  6:08  Probe  
  35  6:19  Probe x2  
  35  6:22  Stalker  
  39  6:29  Probe  
  40  6:34  Probe  
  41  6:40  Probe  
  41  6:41  Stargate  
  42  6:47  Stargate  
  42  6:50  Probe  
  43  6:59  Stargate  
  43  7:15  Gateway  
  43  7:20  Gateway  
  43  7:42  Fleet Beacon  
  29  8:03  Void Ray x2  
  37  8:32  Stalker  
  37  8:33  Stalker x2  
  42  8:34  Stalker  
Tags
 
Add a new tag
Caveats
  • Supply blocks, unpowered buildings, or Contaminate may cause inaccurate times.
  • Supply counts are checked every 10 seconds.